 Dungeon Crawl Stone Soup version 0.29-a0-43-g62a80824bf (webtiles) character file.

Game seed: 8581846639955925146

868 crazypyro the Chopper (level 7, -1/58 HPs)
             Began as a Demonspawn Fighter on Feb 2, 2022.
             Was a Believer of Ashenzari.
             Succumbed to a gnoll's poison
             ... on level 5 of the Dungeon.
             The game lasted 00:05:00 (4868 turns).

crazypyro the Chopper (Demonspawn Fighter)          Turns: 4868, Time: 00:05:01

Health: -1/58      AC: 13    Str: 19    XL:     7   Next: 73%
Magic:  7/7        EV: 11    Int:  9    God:    Ashenzari [**....]
Gold:   130        SH:  0    Dex: 12    Spells: 6/6 levels left

rFire   . . .      SeeInvis +   a - +0 war axe
rCold   + . .      Faith    .   (no shield)
rNeg    . . .      Spirit   .   q - +4 ring mail of Ashenzari's Negligence {Fort, Range} (curse)
rPois   .          Reflect  .   i - +0 helmet
rElec   .          Harm     .   (no cloak)
rCorr   +          Rampage  .   (no gloves)
Will    .....                   (no boots)
Stlth   +.........              (no amulet)
HPRegen 0.19/turn               j - ring "Share My Bad Feelings" {rC+, Fort, Elem} (curse)
MPRegen 0.10/turn               k - ring of the Bound Loss {rCorr, Elem, Self} (curse)

@: lethally poisoned (-1 -> -17)
A: yellow scales 1, spiny 1, demonic touch 2
a: Renounce Religion, Shatter the Chains


You were on level 5 of the Dungeon.
You worshipped Ashenzari.
Ashenzari was pleased with you.
You visited 1 branch of the dungeon, and saw 6 of its levels.

You collected 130 gold pieces.

Inventory:

Hand Weapons
 a - a +0 war axe (weapon)
Armour
 b - a +0 scale mail
 c - a +0 buckler
 i - a +0 helmet (worn)
 m - a +0 plate armour
 q - the cursed +4 ring mail of Ashenzari's Negligence (worn) {Fort, Range}
   (You found it on level 4 of the Dungeon)

   It has a curse which improves the following skills: Fortitude: Armour and
   Shields.
   Ranged Combat: Slings, Bows, Crossbows and Throwing.
Jewellery
 j - the cursed ring "Share My Bad Feelings" (left hand) {rC+, Fort, Elem}
   (You found it on level 2 of the Dungeon)

   [ring of protection from cold]

   rC:        It protects you from cold.
   It has a curse which improves the following skills: Fortitude: Armour and
   Shields.
   Elements:  Fire Magic, Ice Magic, Air Magic and Earth Magic.
 k - the cursed ring of the Bound Loss (right hand) {rCorr, Elem, Self}
   (You found it on level 2 of the Dungeon)

   [ring of resist corrosion]

   rCorr:     It protects you from acid and corrosion.
   It has a curse which improves the following skills: Elements: Fire Magic, Ice
   Magic, Air Magic and Earth Magic.
   Introspection: Fighting and Spellcasting.
Scrolls
 e - 3 scrolls of magic mapping
 f - 5 scrolls of identify
 g - 2 scrolls of vulnerability
 h - 3 scrolls of enchant armour
 o - a scroll of holy word
 r - a scroll of fog
 s - a scroll of teleportation
Potions
 d - a potion of might
 l - a potion of invisibility
 n - 2 potions of brilliance
 p - a potion of degeneration


   Skills:
 + Level 4.8(6.0) Fighting
 * Level 5.1 Axes
 + Level 4.4(6.2) Armour
 + Level 3.0 Dodging
 - Level 3.5(5.2) Shields


You had 6 spell levels left.
You didn't know any spells.
Your spell library contained the following spells:

 Spells                   Type           Power      Damage    Failure   Level
 Blink                    Tloc           0%         N/A       69%         2
 Gell's Gravitas          Tloc           0%         N/A       89%         3
 Lesser Beckoning         Tloc           0%         N/A       89%         3
 Teleport Other           Tloc           0%         N/A       89%         3
 Fireball                 Conj/Fire      0%         3d3       100%        5
 Iskenderun's Battlesphe  Conj           0%         2d6       100%        5
 Manifold Assault         Tloc           0%         N/A       100%        5
 Conjure Ball Lightning   Conj/Air       0%         3x3d6     100%        6
 Orb of Destruction       Conj           0%         9d5       100%        7


Dungeon Overview and Level Annotations

Branches:
Dungeon (6/15)
 Temple: D:4-7

Altars:
Ashenzari
Cheibriados
Dithmenos
Elyvilon
Gozag
Hepliaklqana
Makhleb
Xom
Zin
The Shining One

Shops:
D:2 [   D:4 :(:[(   D:5 [


Innate Abilities, Weirdness & Mutations

You are partially covered in yellow scales. (AC +2)
You are partially covered in sharp spines.
Your touch may inflict irresistible damage on your foes.


Message History

The iguana is struck by your spines. The iguana barely misses you.
You slash the iguana!
The iguana is almost dead.
You slash the gnoll! The gnoll hits you but does no damage.
You are poisoned.
The iguana misses you. The gnoll hits you but does no damage.
You slash the iguana!
You kill the iguana!
You hit the gnoll but do no damage.
You feel sick.
The gnoll hits you with a +2 flail of venom!
You are more poisoned.
Your Dodging skill increases to level 3!
You hit the gnoll but do no damage. You punch the gnoll.
The gnoll is severely wounded.
You feel very sick. The gnoll is struck by your spines.
The gnoll hits you with a +2 flail of venom.
You are more poisoned.
You closely miss the gnoll. Your touch misses the gnoll.
The gnoll is almost dead.
You feel extremely sick.
The gnoll hits you with a +2 flail of venom.
You are more poisoned.
You are too injured to fight recklessly!
You slash the gnoll!
You kill the gnoll!
* * * LOW HITPOINT WARNING * * *
You feel extremely sick.
* * * LOW HITPOINT WARNING * * *
You feel very sick.
You see here a +2 flail of venom.
There is a lethal amount of poison in your body!
Okay, then.
Okay, then.
Okay, then.
There is a lethal amount of poison in your body!
There is a lethal amount of poison in your body!
* * * LOW HITPOINT WARNING * * *
You feel very sick.
You die...

##....# ###############.#######.
.#.#### #.......................
.#.# #.#############.#######.
.#.# #.###...................
.#.#######...............######..
.#.#.............##############..
.#.#.###.......)).............'..
##.#.#.#.#####.#>##############..
.......#.#.....#@# #..
##.##..........#.################
...#.(.#.#.###...................
######.#.#.#.###+#...............
.................................
.........##..#.....##############
######.......#.....#......# #
.........##.##.....##.###.#######
######.......'.....#.............


There were no monsters in sight!

Vanquished Creatures
  2 sky beasts (D:5)
  An ogre (D:5)
  A centaur (D:5)
  2 water moccasin zombies
  An orc priest (D:5)
  3 hounds
  3 iguanas (D:5)
  An orc wizard (D:4)
  A hound skeleton (D:5)
  3 adders
  3 gnolls (D:5)
  An ufetubus (D:4)
  An adder skeleton (D:4)
  4 worms
  2 dart slugs (D:1)
  10 orcs
  2 ball pythons (D:1)
  5 endoplasms
  4 giant cockroaches
  7 goblins
  9 hobgoblins
  9 jackals
  6 kobolds
  4 quokkas
  2 bats
  A frilled lizard (D:3)
  3 rats
91 creatures vanquished.

Notes
Turn   | Place    | Note
-------+----------+-------------------------------------------
     0 | D:1      | crazypyro the Demonspawn Fighter began the quest for the
                  | Orb.
     0 | D:1      | Reached XP level 1. HP: 18/18 MP: 1/1
   243 | D:1      | Reached skill level 2 in Axes
   243 | D:1      | Gained mutation: You are partially covered in sharp spines.
                  | [demonic ancestry]
   243 | D:1      | Reached XP level 2. HP: 24/24 MP: 2/2
   979 | D:2      | Reached XP level 3. HP: 25/29 MP: 3/3
  1107 | D:2      | Found Ifeops's Armour Emporium.
  1830 | D:3      | Reached skill level 1 in Dodging
  1830 | D:3      | Gained mutation: Your touch may inflict minor irresistible
                  | damage on your foes. [demonic ancestry]
  1830 | D:3      | Reached XP level 4. HP: 32/35 MP: 4/4
  2080 | D:3      | Found a broken altar of Ashenzari.
  2083 | D:3      | Found an opulent altar of Gozag.
  2093 | D:3      | Became a worshipper of Ashenzari the Shackled
  2099 | D:3      | Found a shimmering altar of Xom.
  2581 | D:4      | Found Cuota's Antique Weapon Emporium.
  2621 | D:4      | Reached skill level 3 in Axes
  2621 | D:4      | Reached XP level 5. HP: 36/42 MP: 5/5
  2677 | D:4      | Found a snail-covered altar of Cheibriados.
  2754 | D:4      | Found Wenumeck's Book Shop.
  2813 | D:4      | Found a burning altar of Makhleb.
  2891 | D:4      | Found Lubicor's Armour Emporium.
  2997 | D:4      | Found Beuf's Weapon Shoppe.
  3071 | D:4      | Gained mutation: Your touch may inflict irresistible damage
                  | on your foes. [demonic ancestry]
  3071 | D:4      | Reached XP level 6. HP: 48/48 MP: 6/6
  3089 | D:4      | Found Wecvaqid's Book Emporium.
  3331 | D:5      | Entered Level 5 of the Dungeon
  3331 | D:5      | Noticed a sky beast
  3345 | D:5      | Killed a sky beast
  3624 | D:5      | Reached skill level 4 in Axes
  3684 | D:5      | Gained mutation: You are partially covered in yellow
                  | scales. (AC +2) [demonic ancestry]
  3684 | D:5      | Reached XP level 7. HP: 28/55 MP: 7/7
  3858 | D:5      | Reached * piety under Ashenzari
  3866 | D:5      | Found Zerphaitab's Antique Armour Shoppe.
  4474 | D:5      | Noticed a shadow
  4475 | D:5      | Found a shadowy altar of Dithmenos.
  4476 | D:5      | Found a hazy altar of Hepliaklqana.
  4855 | D:5      | Reached skill level 5 in Axes
  4855 | D:5      | Reached ** piety under Ashenzari
  4868 | D:5      | Succumbed to a gnoll's poison

Illustrated notes

Levels and vault maps discovered:
D:1:      lightli_arrival_maybe_door_vault, layout_basic,
          shapermc_ecumenical_altar_petra
D:2:      layout_rooms, serial_shops, shop
D:3:      layout_rooms, grunt_temple_overflow_diamond, serial_co_window_serial,
          co_window_paths_b, co_window_of_opportunity_a, co_window_paths_a,
          co_window_corner_a, co_window_of_opportunity_a, co_window_corner_b,
          co_window_unsneaky_path_b, co_window_2corner,
          co_window_of_opportunity_b, co_window_corner_b, co_window_paths_c,
          co_window_4corner_b, co_window_paths_d, glass_columns_b,
          glass_columns_c
D:4:      layout_loops_cross, makhleb_heckhound_becter,
          lemuel_coloured_pillars_altar, serial_shops, shop, shop, shop,
          nicolae_square_shop, shop, kennysheep_windowed_goal
D:5:      layout_basic, riverfiend_overflow_shadow_ancestor, good_gods_temple_1,
          serial_shops, shop_fountains, kennysheep_generic_room_12
D:6:      layout_layer_cave, uniq_sigmund

Skill      XL: |  1  2  3  4  5  6  7 |
---------------+----------------------+-----
Axes           | 2 3 4 5 |  5.1
Armour         | 3 4 |  4.4
Shields        | 3 |  3.5
Dodging        | 1 2 3 |  3.0
Fighting       | 4 |  4.8

Action                   |  1- 3 |  4- 6 |  7- 9 || total
-------------------------+-------+-------+-------++-------
Melee: War axe           |    74 |   104 |    34 ||   212
       Touch             |       |    10 |     6 ||    16
       Punch             |       |       |     2 ||     2
Invok: Curse Item        |       |     1 |     2 ||     3
Armor: Scale mail        |    23 |       |       ||    23
       Plate armour      |    15 |    30 |       ||    45
       Ring mail         |       |    26 |    20 ||    46
Dodge: Dodged            |    13 |    43 |    22 ||    78
Block: Buckler           |    21 |    13 |       ||    34

Table legend: (Time is in decaauts)
 A = Elapsed time spent in this place.
 B = Non-inter-level travel time spent in this place.
 C = Inter-level travel time spent in this place.
 D = Time resting spent in this place.
 E = Time spent auto-exploring this place.
 F = Levels seen in this place.
 G = Mean time per level.
                   A        B        C        D        E       F      G
               +--------+--------+--------+--------+--------+-----+--------+
         Total |   4945 |   4774 |    171 |      0 |   4154 |   6 |  824.2 |
       Dungeon |   4945 |   4774 |    171 |      0 |   4154 |   6 |  824.2 |
               +--------+--------+--------+--------+--------+-----+--------+

Top non-repeatable levels by time:
     D:5: 1555 daAuts
     D:3: 984 daAuts
     D:1: 973 daAuts
     D:4: 869 daAuts
     D:2: 557 daAuts
     D:6: 5 daAuts
